 Dungeon Crawl Stone Soup version 0.30.1-4-g462c640d31 (webtiles) character file.

Game seed: 1594912105373144227

5389 Babbit the Protected (level 10, -5/88 HPs)
             Began as a Minotaur Fighter on Aug 21, 2023.
             Was an Elder of Okawaru.
             Asphyxiated
             ... on level 8 of the Dungeon.
             The game lasted 00:25:54 (6978 turns).

Babbit the Protected (Minotaur Fighter)             Turns: 6978, Time: 00:25:54

Health: -5/88      AC: 11    Str: 30    XL:     10   Next: 39%
Magic:  7/9        EV: 11    Int:  7    God:    Okawaru [****..]
Gold:   521        SH: 10    Dex: 10    Spells: 9/9 levels left

rFire   . . .        u - +7 Throatcutter {drain, coup de grace}
rCold   . . .        g - +0 kite shield
rNeg    . . .        b - +0 scale mail
rPois   +            (helmet restricted)
rElec   .            o - +0 cloak {rCorr}
rCorr   +            e - +0 pair of gloves
SInv    .            (no boots)
Will    .....        (no amulet) Stlth
                     q - ring of Siecun {Will- rCorr Str+5 Int+2 Slay+2}
HPRegen 0.34/turn    x - ring of poison resistance
MPRegen 0.11/turn

%: no passive effects
@: lethally poisoned (-5 -> -15), slowed, very slow
A: horns 2, retaliatory headbutt
a: Renounce Religion, Heroism, Finesse


You were on level 8 of the Dungeon.
You worshipped Okawaru.
Okawaru was greatly pleased with you.
You visited 2 branches of the dungeon, and saw 9 of its levels.
You also visited: Sewer.

You collected 521 gold pieces.

Inventory:

Hand Weapons
 h - a +1 heavy war axe
 u - the +7 Throatcutter (weapon) {drain, coup de grace}
   (You found it on level 4 of the Dungeon)
Missiles
 p - 2 boomerangs (quivered)
Armour
 b - a +0 scale mail (worn)
 e - a +0 pair of gloves (worn)
 g - a +0 kite shield (worn)
 o - a +0 cloak of preservation (worn)
Jewellery
 q - the ring of Siecun (left hand) {Will- rCorr Str+5 Int+2 Slay+2}
   (You found it in a sewer)

   [ring of resist corrosion]

   Str:       It affects your strength (+5).
   Int:       It affects your intelligence (+2).
   Slay:      It affects your accuracy & damage with ranged weapons and melee
   (+2).
   rCorr:     It protects you from acid and corrosion.
   Will:      It decreases your willpower.
 w - a +5 ring of evasion
 x - a ring of poison resistance (right hand)
 y - a ring of magical power
 D - the ring "Avvuc" {rPois rN+ Will++ rCorr}
   (You took it off an orc on level 6 of the Dungeon)

   [ring of positive energy]

   rPois:     It protects you from poison.
   rN:        It protects you from negative energy.
   rCorr:     It protects you from acid and corrosion.
   Will:      It greatly increases your willpower.
Wands
 r - a wand of flame (5)
 F - a wand of digging (7)
 H - a wand of roots (12)
 J - a wand of polymorph (10)
Scrolls
 a - a scroll of silence {unknown}
 c - a scroll of vulnerability {unknown}
 f - 2 scrolls of identify
 i - 4 scrolls of teleportation
 k - 2 scrolls of blinking
 l - 2 scrolls of enchant weapon {unknown}
 m - 2 scrolls of magic mapping
 n - a scroll of fog {unknown}
 A - a scroll of noise {unknown}
 C - 4 scrolls of amnesia {unknown}
 G - a scroll of fear {unknown}
Potions
 d - 2 potions of might
 j - 3 potions of curing
 s - a potion of flight
 t - a potion of resistance
 v - a potion of lignification
 z - a potion of magic {unknown}
 B - a potion of haste
 E - 3 potions of degeneration {unknown}
 I - a potion of ambrosia {unknown}


   Skills:
 + Level 7.8 Fighting
 + Level 8.7 Long Blades
 + Level 8.2 Axes
 + Level 9.1 Armour
 + Level 3.9 Dodging
 + Level 1.6 Stealth
 + Level 8.8 Shields
 + Level 0.1 Invocations


You had 9 spell levels left.
You didn't know any spells.
Your spell library contained the following spells:

 Spells                   Type           Power      Damage    Failure   Level
 Beastly Appendage        Tmut           0%         N/A       80%         1
 Wereblood                Tmut           0%         N/A       91%         2
 Ignite Poison            Fire/Tmut/Pois 0%         N/A       99%         3
 Spider Form              Tmut/Pois      0%         N/A       99%         3
 Vhi's Electric Charge    Tloc/Air       0%         N/A       99%         3
 Sticky Flame             Conj/Fire      0%         2d3       100%        4
 Arcjolt                  Conj/Air       0%         1d10      100%        5
 Ignition                 Fire           0%         3d3       100%        8
 Maxwell's Capacitive Co  Air            0%         ∞         100%        8


Dungeon Overview and Level Annotations

Branches:
Dungeon (8/15)             Temple (1/1) D:4           Sewer (visited)
   Lair: D:8-11

Altars:
Ashenzari
Cheibriados
Dithmenos
Elyvilon
Hepliaklqana
Nemelex Xobeh
Okawaru
Qazlal
Uskayaw
Xom
Yredelemnul
Zin
The Shining One

Shops:
D:8 :


Innate Abilities, Weirdness & Mutations

You have a pair of horns on your head.
You reflexively headbutt those who attack you in melee.


Message History

You hit Amaemon. You drain Amaemon.
You kill Amaemon!
Okawaru is honoured by your kill.
The scorpion disappears in a puff of smoke! x2
You block the orange demon's attack.
You slash the howler monkey! You drain the howler monkey.
You kill the howler monkey!
Okawaru accepts your kill. The orange demon stings you from afar.
You have difficulty breathing.
You feel as though you will be slow longer.
The orange demon stings you but does no damage.
You closely miss the howler monkey. You headbutt the howler monkey!
The howler monkey is heavily wounded.
The howler monkey hits you but does no damage.
The orange demon stings you from afar.
You hit the howler monkey. Your headbutt misses the howler monkey.
The howler monkey is severely wounded.
The howler monkey misses you. You block the howler monkey's attack.
The orange demon stings you but does no damage.
You slash the howler monkey!
You kill the howler monkey!
Okawaru accepts your kill. The orange demon misses you.
The electric eel shoots out a bolt of lightning at you!
The bolt of electricity hits you!
* * * LOW HITPOINT WARNING * * *
The orange demon stings you!
* * * LOW HITPOINT WARNING * * *
The orange demon closely misses you.
The electric eel shoots out a bolt of lightning at you!
The bolt of electricity hits you.
* * * LOW HITPOINT WARNING * * *
There is an open door, spattered with blood here.
You see here a +0 demon whip of venom.
You feel like a meek peon again. The orange demon stings you from afar.
* * * LOW HITPOINT WARNING * * *
You are lethally poisoned!
You have difficulty breathing.
You die...

#.~~≈~.#
#.~~≈~.#
#!~≈≈≈.#
#.~≈≈~.#
#.~≈≈≈.#
#.~S~~.#
#.4....# #)#
##@# ##..######
#..(.......
#.######### #.#
#.#
##############.#
.).............#
################


You could see an orange demon (curare) and an electric eel.

Vanquished Creatures
  Amaemon (D:8)
  The ghost of safid the Chiller, an amateur MfIE of Vehumet (D:4)
  The ghost of hilljack the Caller, an amateur HuSu (D:4)
  The ghost of zzuzz the Ducker, an amateur DjFE (D:4)
  3 slime creatures (D:6)
  Sigmund (D:4)
  A wyvern (D:8)
  Edmund (D:5)
  Menkaure (D:6)
  3 water moccasins
  A black bear (D:5)
  2 ice beasts (D:6)
  3 ogres
  9 kobold brigands
  5 bullfrogs
  A scorpion (D:5)
  3 howler monkeys
  A lava snake (D:7)
  6 jellies
  A gnoll bouda (D:8)
  Crazy Yiuf (D:3)
  6 orc priests
  3 hounds
  Jessica (D:3)
  An iguana (D:4)
  Terence (D:3)
  10 orc wizards
  A sleepcap (D:6)
  7 gnolls
  9 adders
  A shadow imp (D:7)
  3 white imps
  3 ufetubi
  A worm (D:2)
  A dart slug (D:4)
  25 orcs
  6 bats
  10 endoplasms
  11 giant cockroaches
  3 hobgoblins
  4 jackals (D:3)
  6 quokkas
  11 ball pythons
  16 frilled lizards
  9 goblins
  23 kobolds
  6 rats
225 creatures vanquished.

Notes
Turn   | Place    | Note
-------+----------+-------------------------------------------
     0 | D:1      | Babbit the Minotaur Fighter began the quest for the Orb.
     0 | D:1      | Reached XP level 1. HP: 19/19 MP: 0/0
   118 | D:1      | Reached XP level 2. HP: 24/27 MP: 1/1
   311 | D:1      | Reached skill level 4 in Armour
   648 | D:2      | Reached XP level 3. HP: 30/33 MP: 2/2
   858 | D:2      | Found a faded altar of an unknown god.
  1185 | D:3      | Reached XP level 4. HP: 34/40 MP: 3/3
  1191 | D:3      | Reached skill level 5 in Shields
  1319 | D:3      | Noticed Terence
  1327 | D:3      | Killed Terence
  1328 | D:3      | Reached XP level 5. HP: 36/47 MP: 4/4
  1415 | D:3      | Noticed Jessica
  1418 | D:3      | Killed Jessica
  1419 | D:3      | Reached skill level 1 in Dodging
  1608 | D:3      | Found a glowing golden altar of the Shining One.
  1735 | D:3      | Found a runed translucent door.
  1736 | D:3      | Noticed Crazy Yiuf
  1743 | D:3      | Killed Crazy Yiuf
  1983 | D:4      | Found a staircase to the Ecumenical Temple.
  1991 | Temple   | Entered the Ecumenical Temple
  2012 | Temple   | Became a worshipper of Warmaster Okawaru
  2059 | D:4      | Found a glowing drain.
  2070 | D:4      | Noticed Sigmund
  2072 | Sewer    | Entered a sewer
  2114 | Sewer    | Reached XP level 6. HP: 53/53 MP: 5/5
  2371 | Sewer    | Reached skill level 5 in Armour
  2372 | Sewer    | Reached skill level 5 in Axes
  2376 | Sewer    | Identified the ring of Siecun {Will- rCorr Str+5 Int+2
                  | Slay+2}
  2672 | D:4      | Killed Sigmund
  2673 | D:4      | Reached XP level 7. HP: 51/60 MP: 6/6
  2892 | D:4      | Found a hazy altar of Hepliaklqana.
  3322 | D:4      | Found a runed translucent gate.
  3322 | D:4      | Found a runed translucent gate.
  3322 | D:4      | Found a runed translucent gate.
  3326 | D:4      | Noticed hilljack's ghost (amateur HuSu)
  3326 | D:4      | Noticed safid's ghost (amateur MfIE)
  3327 | D:4      | Noticed zzuzz's ghost (amateur DjFE)
  3365 | D:4      | Found the +7 Throatcutter {drain, coup de grace}
  3374 | D:4      | Reached skill level 5 in Fighting
  3734 | D:4      | Killed safid's ghost
  3734 | D:4      | Reached * piety under Okawaru
  3735 | D:4      | Reached skill level 6 in Armour
  3736 | D:4      | Killed hilljack's ghost
  3737 | D:4      | Reached skill level 1 in Long Blades
  3737 | D:4      | Reached XP level 8. HP: 48/69 MP: 7/7
  3742 | D:4      | Killed zzuzz's ghost
  3928 | D:5      | Entered Level 5 of the Dungeon
  4001 | D:5      | Reached ** piety under Okawaru
  4006 | D:5      | You fall into a shaft and drop 3 floors!
  4083 | D:7      | Found a snail-covered altar of Cheibriados.
  4090 | D:7      | Reached skill level 7 in Armour
  4245 | D:6      | Reached XP level 9. HP: 74/75 MP: 8/8
  4371 | D:5      | Reached skill level 1 in Stealth
  4561 | D:5      | Found a glowing silver altar of Zin.
  4565 | D:5      | Noticed an angel
  4587 | D:5      | Noticed Edmund
  4597 | D:5      | Killed Edmund
  4799 | D:5      | Found a shimmering altar of Xom.
  5149 | D:6      | Reached *** piety under Okawaru
  5150 | D:6      | Reached skill level 5 in Long Blades
  5300 | D:6      | Identified the ring "Avvuc" {rPois rN+ Will++ rCorr}
  5600 | D:6      | Reached skill level 8 in Armour
  5695 | D:6      | Received a gift from Okawaru
  5762 | D:6      | Reached **** piety under Okawaru
  5960 | D:6      | Reached XP level 10. HP: 83/86 MP: 9/9
  6124 | D:6      | Noticed Menkaure
  6128 | D:6      | Killed Menkaure
  6228 | D:7      | Found a hide-covered altar of Uskayaw.
  6740 | D:8      | Reached skill level 9 in Armour
  6867 | D:8      | Found Teocuv's Vocational Training.
  6959 | D:8      | Noticed Amaemon
  6959 | D:8      | Noticed an orange demon
  6972 | D:8      | Killed Amaemon
  6978 | D:8      | Asphyxiated

Illustrated notes

Levels and vault maps discovered:
D:1:      dpeg_arrival_radiant, layout_rooms
D:2:      layout_rooms, shapermc_ecumenical_altar_mp_urbaneastern,
          minmay_lizard_pond
D:3:      layout_rooms, nicolae_overflow_crystal_walls, uniq_crazy_yiuf_cottage,
          uniq_jessica, uniq_terence
D:4:      layout_loops_corners, mainiacjoe_overflow_six_doors_small,
          minmay_temple_entry_crystal_x, portal_sewer_entry_a,
          gammafunk_ghost_cemetery, minmay_misc_feat_hallway,
          dilly_guarded_unrand_throatcut, uniq_sigmund
D:5:      layout_cave_pods, grunt_temple_overflow_order_and_chaos_1,
          serial_bayou_lake_a, uniq_edmund
D:6:      cheibrodos_fertilizer, layout_loops_corners, uniq_menkaure
D:7:      layout_gridville, mainiacjoe_overflow_boulevard,
          nicolae_uskayaw_suspiria
D:8:      layout_basic, enter_bailey_2, nrook_pool_corridor,
          chequers_serial_rivers_room_a, nicolae_shop_vocational, uniq_amaemon
Temple:   dshaligram_water_room_temple

Skill      XL: |  1  2  3  4  5  6  7  8  9 10 |
---------------+-------------------------------+-----
Shields        | 4 5 6 7 8 |  8.8
Armour         | 4 5 6 7 8 9 |  9.1
Fighting       | 4 5 6 7 |  7.8
Axes           | 3 4 5 7 8 |  8.2
Dodging        | 1 2 3 |  3.9
Long Blades    | 1 3 7 8 |  8.7
Stealth        | 1 |  1.6
Invocations    | |  0.1

Action                     |  1- 3 |  4- 6 |  7- 9 | 10-12 || total
---------------------------+-------+-------+-------+-------++-------
  Melee: War axe           |    86 |   105 |    41 |       ||   232
         Headbutt          |     8 |     9 |    24 |    13 ||    54
         Long sword        |       |       |   130 |    82 ||   212
  Throw: Boomerang         |       |       |       |     1 ||     1
 Invoke: Heroism           |       |       |       |     2 ||     2
    Use: Scroll            |     2 |     1 |     4 |       ||     7
         Potion            |       |     1 |     2 |     2 ||     5
 Armour: Scale mail        |    54 |    56 |    65 |    40 ||   215
  Dodge: Dodged            |    39 |    69 |    58 |    35 ||   201
  Block: Buckler           |     2 |       |       |       ||     2
         Kite shield       |    51 |    82 |    74 |    52 ||   259
